Map: [ESL] Cosmic Sapphire

Players

YoungYakov

  • Race: Zerg Zerg
  • Spawn Location: 5:00

Elazer - Winner!

  • Race: Zerg Zerg
  • Spawn Location: 11:00

Event: DreamHack SC2 Masters 2022 Atlanta (Online)

VOD

Have the link to the VOD?

Description

Time

  • Played on: Sept. 30, 2022, 12:09 p.m.
  • Length: 6:12

All games in this series

Show
View Real Time Build Order
Export as new Build Order

YoungYakov Zerg 

Build Orders: Hatch First, Zergling Baneling 

Get SALT Encoding   

  12  0:00  Drone  
  13  0:12  Overlord  
  13  0:17  Drone  
  14  0:30  Drone x2  
  16  0:48  Hatchery  
  15  0:50  Drone  
  15  0:54  Drone  
  17  1:08  Spawning Pool  
  17  1:10  Drone  
  17  1:14  Extractor  
  17  1:15  Drone  
  17  1:20  Drone  
  18  1:32  Drone  
  19  1:42  Drone  
  20  1:53  Overlord  
  20  1:55  Queen  
  20  1:59  Queen  
  24  2:01  Drone  
  24  2:02  Zergling x2  
  26  2:11  Drone x2  
  26  2:14  Metabolic Boost  
  28  2:23  Drone x2  
  30  2:37  Hatchery  
  29  2:40  Drone  
  29  2:41  Drone  
  31  2:47  Zergling x2, Baneling Nest  
  31  2:50  Zergling x2  
  32  2:55  Overlord  
  32  3:12  Zergling x4  
  34  3:13  Zergling x8  
  34  3:19  Zergling x4  
  39  3:26  Roach Warren  
  38  3:31  Zergling x6  
  38  3:33  Baneling x2  
  41  3:37  Baneling  
  41  3:46  Overlord  
  38  4:00  Evolution Chamber  
  38  4:02  Baneling x2  
  37  4:07  Roach  
  37  4:08  Roach x4  
  41  4:11  Zergling x2  
  41  4:12  Zergling x6  
  44  4:18  Zergling x6  
  44  4:21  Zergling x2  
  47  4:27  Zergling x4  
  49  4:34  Baneling x3  
  49  4:36  Zergling x4  
  50  4:42  Overlord  
  47  4:58  Zergling x2  
  47  4:59  Zergling x8  
  44  5:00  Overlord  
  44  5:04  Baneling x3  
  44  5:12  Zergling x8  
  48  5:18  Zergling x4  
  49  5:22  Baneling x2  
  49  5:23  Zergling x2  
  49  5:33  Zergling x2  
  49  5:34  Zergling x6  
  49  5:35  Baneling  
  48  5:43  Zergling x4  
  48  5:44  Zergling x2  
  48  5:48  Zergling x2  
  48  5:49  Zergling x2  
  46  5:51  Baneling x2  
Show
View Real Time Build Order
Export as new Build Order

Elazer Zerg - Winner!

Build Orders: Hatch First, Zergling Baneling 

Get SALT Encoding   

  12  0:00  Drone  
  13  0:12  Overlord  
  13  0:17  Drone  
  14  0:30  Drone x2  
  16  0:48  Hatchery  
  15  0:50  Drone  
  15  0:54  Drone  
  17  0:57  Drone  
  18  1:08  Extractor  
  17  1:12  Spawning Pool  
  17  1:15  Drone  
  18  1:18  Drone  
  18  1:27  Drone  
  19  1:39  Drone  
  20  1:49  Drone  
  21  1:59  Queen  
  21  2:00  Zergling x2, Queen  
  26  2:01  Overlord  
  26  2:08  Metabolic Boost  
  26  2:10  Drone  
  26  2:11  Drone  
  28  2:21  Drone  
  28  2:22  Drone  
  30  2:32  Drone  
  30  2:33  Drone  
  32  2:38  Hatchery  
  32  2:43  Zergling x2  
  32  2:47  Baneling Nest  
  32  2:49  Overlord  
  31  2:56  Drone x2  
  33  3:05  Zergling x4  
  35  3:09  Zergling x10  
  40  3:13  Zergling x2  
  40  3:21  Overlord  
  40  3:23  Drone  
  41  3:31  Drone x2  
  43  3:38  Baneling  
  43  3:39  Baneling x4  
  43  3:40  Zergling x6  
  46  3:43  Zergling x10  
  51  3:54  Zergling x6  
  53  3:56  Baneling  
  53  3:59  Queen  
  53  4:00  Overlord  
  49  4:20  Zergling x14  
  49  4:22  Zergling x6  
  57  4:27  Baneling  
  57  4:28  Baneling x2  
  57  4:31  Queen, Drone x2  
  61  4:35  Roach Warren  
  59  4:39  Zergling x4  
  59  4:50  Zergling x8  
  61  4:56  Zergling x12  
  61  5:02  Overlord  
  61  5:18  Roach x3  
  64  5:32  Zergling x22  
  64  5:34  Queen  
  73  5:43  Zergling x2  
  73  5:48  Zergling x6  
  67  5:52  Ravager  
  67  5:54  Zergling x2  
  67  5:55  Zergling x2  
Tags
 
Add a new tag
Caveats
  • Supply blocks, unpowered buildings, or Contaminate may cause inaccurate times.
  • Supply counts are checked every 10 seconds.